 Dungeon Sprint DCSS version 0.31-a0-1074-g0b22e4e0f1 (webtiles) character file.

Game seed: 3855950792423568121

14945 tbh1313 the Shatterer (level 12, -1/187 HPs)
             Began as an Ogre Berserker on Nov 28, 2023.
             Was a High Priest of Trog.
             Slain by a 12-headed hydra (16 damage)
             ... in the Dungeon (Sprint I: "Red Sonja").
             The game lasted 00:16:16 (3674 turns).

tbh1313 the Shatterer (Ogre Berserker)              Turns: 3674, Time: 00:16:16

Health: -1/187     AC:  2    Str: 25 (26) XL:     12   Next: 21%
Magic:  12/12      EV: 17    Int:  6      God:    Trog [*****.]
Gold:   23         SH:  0    Dex: 15      Spells: 11/11 levels left

rFire   . . .        a - +5 giant spiked club (flame)
rCold   . . .        (shield currently unavailable)
rNeg    . . .        h - +0 robe of the Equinox {Dex+9}
rPois   .            (helmet restricted)
rElec   .            (no cloak)
rCorr   .            (gloves unavailable)
SInv    +            (boots unavailable)
Will    +....        (no amulet) Stlth
                     r - ring of see invisible
HPRegen 0.00/turn    (no ring)
MPRegen 0.13/turn

%: no teleportation
@: berserking, fragile, inhibited regen, studying Dodging, very quick
A: large, unfitting armour, tough skin 1, clumsy 1, deformed body, deterioration
2, dopey 1, frail 1, inhibited regeneration, weak 1, inability to drink after
injury 1, devolution 1
a: Renounce Religion, Berserk, Trog's Hand, Brothers in Arms


You were in the Dungeon.
You worshipped Trog.
Trog was extremely pleased with you.
You visited 1 branch You collected 1929 gold pieces.
You spent 1906 gold pieces at shops.

Inventory:

Hand Weapons
 a - a +5 giant spiked club of flaming (weapon)
 b - a +0 giant club
 j - a +0 mace
Missiles
 d - 2 curare-tipped darts
Armour
 h - the +0 robe of the Equinox (worn) {Dex+9}
   (You found it in the Dungeon)

   Dex+9:     It affects your dexterity (+9).
 k - a +0 robe
 v - a scarf of repulsion
 w - the +2 robe of Henotheism {Harm rF- rC+ rCorr}
   (You bought it in a shop in the Dungeon)

   rF-:       It makes you vulnerable to fire.
   rC+:       It protects you from cold.
   rCorr:     It protects you from acid and corrosion.
   Harm:      It increases damage dealt and taken.
Jewellery
 m - a ring of willpower
 r - a ring of see invisible (left hand)
Wands
 i - a wand of quicksilver (5)
 l - a wand of mindburst (8)
Scrolls
 o - 2 scrolls of identify
 q - a scroll of enchant armour
 s - a scroll of enchant weapon
 t - a scroll of butterflies
Potions
 c - 4 potions of curing
 e - a potion of haste
 f - 2 potions of magic
 g - a potion of berserk rage
 n - a potion of cancellation
 p - a potion of invisibility
 u - 2 potions of enlightenment


   Skills:
 - Level 14.2 Fighting
 + Level 22.8 Maces & Flails
 + Level 15.3 Dodging


You had 11 spell levels left.
You didn't know any spells.
Your spell library was empty.

Dungeon Overview and Level Annotations

Branches:
Dungeon (1/1)

Altars:
Cheibriados
Dithmenos
Elyvilon
Fedhas
Gozag
Hepliaklqana
Kikubaaqudgha
Makhleb
Nemelex Xobeh
Okawaru
Qazlal
Ru
Sif Muna
Trog
Uskayaw
Vehumet
Wu Jian
Xom
Yredelemnul
Zin
The Shining One
Jiyva
Lugonu

Shops:
D ***(?((****?!:((?![[*


Innate Abilities, Weirdness & Mutations

You are too large for most types of armour.
You have tough skin. (AC +1)
You are clumsy. (Dex -2)
Armour fits poorly on your strangely shaped body.
Your body often deteriorates upon taking damage.
You are dopey. (Int -2)
You are frail. (-10% HP)
You do not regenerate when monsters are visible.
You are weak. (Str -2)
You occasionally lose the ability to drink potions when taking damage.
You have hidden genetic defects.


Message History

The daeva shouts!
Found 81 gold pieces and a falchion.
The daeva calls down the wrath of the Shining One upon you.
The Shining One smites you!
There is an open door here.
You close the door.
You start resting.
HP restored.
You open the door.
A 12-headed hydra and a glass eye come into view.
The 12-headed hydra roars!
The glass eye turns its gaze towards you.
The glass eye gazes at you.
Your body becomes as fragile as glass!
Found 54 gold pieces.
Your troll goes berserk!
The 12-headed hydra bites you but does no damage.
The 12-headed hydra bites you. The 12-headed hydra misses you. x2
The 12-headed hydra bites you. The 12-headed hydra bites you!
The 12-headed hydra barely misses you.
The 12-headed hydra bites you but does no damage.
The 12-headed hydra misses you. The 12-headed hydra bites you!
The 12-headed hydra bites you. The 12-headed hydra bites you!
Your body deteriorates!
You feel weakened. The glass eye gazes at you.
You feel your fragility will last longer.
A red film seems to cover your vision as you go berserk!
You feel yourself moving faster!
You feel mighty! The 12-headed hydra bites you! x2
The 12-headed hydra bites you but does no damage.
The 12-headed hydra bites you!
* * * LOW HITPOINT WARNING * * *
The 12-headed hydra bites you.
* * * LOW HITPOINT WARNING * * *
The 12-headed hydra barely misses you. The 12-headed hydra bites you!
* * * LOW HITPOINT WARNING * * *
The 12-headed hydra bites you.
* * * LOW HITPOINT WARNING * * *
The 12-headed hydra bites you!
You die...

######################
.).#(.#.§§§§.§T§@DG.$#
)..##'#§####..§§.##$.+
...'..#§#(###§.§## ##
####○§§§#'#$###+# )##
..##°####.°$#y#§##$$$#
..#○.)°.#°.$###..###$#
..#.○○○○+..$$$##.#A#$#
#§###...#.....#§.###$#
#.'.#.○.###++##.##..$#


You could see a 12-headed hydra (ally target), a glass eye and a friendly troll
(summoned, berserk).

Levels and vault maps discovered:
D:        dungeon_sprint_1 [red_sonja_temple_1, red_sonja_temple_small_1]

Notes
Turn   | Place    | Note
-------+----------+-------------------------------------------
     0 | D        | tbh1313 the Ogre Berserker began the quest for the Orb.
     0 | D        | Reached XP level 1. HP: 24/24 MP: 1/1
     1 | D        | Noticed Ijyb
     8 | D        | Killed Ijyb
     9 | D        | Reached skill level 5 in Maces & Flails
     9 | D        | Reached XP level 2. HP: 32/32 MP: 2/2
     9 | D        | Reached XP level 3. HP: 39/39 MP: 3/3
    41 | D        | Noticed an ogre
    47 | D        | Killed an ogre
    48 | D        | Reached skill level 8 in Maces & Flails
    48 | D        | Reached XP level 4. HP: 34/48 MP: 4/4
   128 | D        | Noticed Sigmund
   134 | D        | Killed Sigmund
   134 | D        | Reached ** piety under Trog
   135 | D        | Reached skill level 11 in Maces & Flails
   135 | D        | Reached XP level 5. HP: 54/54 MP: 5/5
   135 | D        | Reached XP level 6. HP: 62/62 MP: 6/6
   200 | D        | Found an ornate altar of the Wu Jian Council.
   200 | D        | Found a shimmering blue altar of Sif Muna.
   202 | D        | Found a radiant altar of Vehumet.
   208 | D        | Reached skill level 12 in Maces & Flails
   238 | D        | Found Gobreqic's Antique Weapon Emporium.
   238 | D        | Found an ancient bone altar of Kikubaaqudgha.
   238 | D        | Found a stormy altar of Qazlal.
   238 | D        | Found a blossoming altar of Fedhas.
   238 | D        | Found a bloodstained altar of Trog.
   238 | D        | Found an iron altar of Okawaru.
   238 | D        | Found a glowing golden altar of the Shining One.
   238 | D        | Found a glowing silver altar of Zin.
   238 | D        | Found a white marble altar of Elyvilon.
   238 | D        | Noticed a yak
   240 | D        | Killed a yak
   241 | D        | Reached XP level 7. HP: 60/76 MP: 7/7
   241 | D        | Found a hazy altar of Hepliaklqana.
   241 | D        | Found a hide-covered altar of Uskayaw.
   241 | D        | Found a basalt altar of Yredelemnul.
   241 | D        | Found an opulent altar of Gozag.
   241 | D        | Found a snail-covered altar of Cheibriados.
   241 | D        | Found a sacrificial altar of Ru.
   241 | D        | Found a shadowy altar of Dithmenos.
   242 | D        | Found a sparkling altar of Nemelex Xobeh.
   300 | D        | Found a burning altar of Makhleb.
   300 | D        | Found a viscous altar of Jiyva.
   300 | D        | Found a shimmering altar of Xom.
   300 | D        | Found a corrupted altar of Lugonu.
   300 | D        | Noticed a slime creature
   307 | D        | Killed a slime creature
   308 | D        | Reached skill level 5 in Dodging
   411 | D        | Noticed a kobold demonologist
   411 | D        | Noticed a glass eye
   411 | D        | Noticed a kobold demonologist
   421 | D        | Killed a kobold demonologist
   421 | D        | Reached *** piety under Trog
   422 | D        | Reached skill level 10 in Fighting
   422 | D        | Reached skill level 13 in Maces & Flails
   422 | D        | Reached XP level 8. HP: 93/93 MP: 8/8
   427 | D        | Killed a kobold demonologist
   428 | D        | Reached skill level 14 in Maces & Flails
   430 | D        | Killed a glass eye
   430 | D        | Reached **** piety under Trog
   472 | D        | Noticed a centaur warrior
   472 | D        | Noticed a centaur warrior
   483 | D        | Killed a centaur warrior
   484 | D        | Reached skill level 16 in Maces & Flails
   484 | D        | Reached XP level 9. HP: 101/101 MP: 9/9
   488 | D        | Killed a centaur warrior
   489 | D        | Reached skill level 17 in Maces & Flails
   564 | D        | Noticed a hornet
   567 | D        | Killed a hornet
   568 | D        | Reached skill level 18 in Maces & Flails
   661 | D        | Identified the +0 robe of the Equinox {Dex+9}
   775 | D        | Noticed a deep troll
   786 | D        | Killed a deep troll
   989 | D        | Found Zuweimun's Armour Emporium.
  1009 | D        | Noticed an oklob plant
  1015 | D        | Killed an oklob plant
  1016 | D        | Reached XP level 10. HP: 22/115 MP: 10/10
  1309 | D        | Reached ***** piety under Trog
  1422 | D        | Killed an unseen horror
  1619 | D        | Killed an unseen horror
  1619 | D        | Received a gift from Trog
  1738 | D        | Received a gift from Trog
  1913 | D        | Found Voph's General Store.
  1913 | D        | Found Daarul's Weapon Shop.
  1913 | D        | Found Neynt's General Store.
  1915 | D        | Found Mocsuc's Assorted Antiques.
  1915 | D        | Found Yprul's General Store.
  1915 | D        | Found Kelad's Magic Scroll Shoppe.
  1915 | D        | Found Niol's Distillery.
  1915 | D        | Found Wiocujun's Book Emporium.
  1915 | D        | Found Xikoiriu's Antique Weapon Shop.
  1915 | D        | Found Fymoic's Antique Weapon Shoppe.
  1919 | D        | Bought a scroll of identify for 22 gold pieces
  1920 | D        | Found Qoinlept's Magic Scroll Boutique.
  1921 | D        | Found Gamot's Armour Emporium.
  1921 | D        | Found Coixu's Distillery.
  1922 | D        | Bought a scroll of enchant weapon for 82 gold pieces
  1922 | D        | Found Lysuec's General Store.
  1928 | D        | Bought a scroll of enchant armour for 97 gold pieces
  1930 | D        | Bought a ring of see invisible for 165 gold pieces
  1974 | D        | Noticed a demonic crawler
  1974 | D        | Noticed a demonic crawler
  1974 | D        | Noticed a demonic crawler
  1974 | D        | Noticed a demonic crawler
  1983 | D        | Killed a demonic crawler
  1984 | D        | HP: 11/183 [demonic crawler (14)]
  2197 | D        | Killed a demonic crawler
  2198 | D        | Reached skill level 19 in Maces & Flails
  2204 | D        | Killed a demonic crawler
  2205 | D        | Reached XP level 11. HP: 24/130 MP: 11/11
  2207 | D        | HP: 15/195 [demonic crawler (10)]
  2208 | D        | HP: 7/195 [demonic crawler (8)]
  2209 | D        | Killed a demonic crawler
  2210 | D        | Reached skill level 20 in Maces & Flails
  2558 | D        | Noticed a lindwurm
  2560 | D        | Killed a lindwurm
  2600 | D        | Noticed a lorocyproca
  2616 | D        | Killed a lorocyproca
  2617 | D        | Reached skill level 21 in Maces & Flails
  2903 | D        | Noticed Sonja
  2916 | D        | Killed Sonja
  3219 | D        | Bought a glowing wooden ring for 105 gold pieces
  3219 | D        | Bought a scroll labelled ZUKEHE YRUNU for 21 gold pieces
  3219 | D        | Bought a bubbling yellow potion for 18 gold pieces
  3219 | D        | Bought a scroll labelled SUSAYSHR ISTROE for 21 gold pieces
  3413 | D        | Found Idouxt's General Store.
  3421 | D        | Bought a scroll of identify for 22 gold pieces
  3421 | D        | Bought a scroll of acquirement for 572 gold pieces
  3421 | D        | Bought a scroll of identify for 22 gold pieces
  3421 | D        | Bought a scroll of identify for 22 gold pieces
  3421 | D        | Acquired a manual of Dodging
  3425 | D        | Noticed a shining eye
  3425 | D        | Noticed a shining eye
  3425 | D        | Noticed a shining eye
  3425 | D        | Noticed a shining eye
  3425 | D        | Noticed a shining eye
  3425 | D        | Noticed a shining eye
  3429 | D        | Gained mutation: You are clumsy. (Dex -2) [a shining eye]
  3431 | D        | Gained mutation: You have hidden genetic defects. [a
                  | shining eye]
  3435 | D        | Gained mutation: Armour fits poorly on your strangely
                  | shaped body. [a shining eye]
  3437 | D        | Gained mutation: Your body sometimes deteriorates upon
                  | taking damage. [a shining eye]
  3439 | D        | Reached skill level 10 in Dodging
  3439 | D        | Killed a shining eye
  3439 | D        | Gained mutation: You are frail. (-10% HP) [a shining eye]
  3440 | D        | Gained mutation: Your body often deteriorates upon taking
                  | damage. [a shining eye]
  3441 | D        | Killed a shining eye
  3442 | D        | Gained mutation: You are weak. (Str -2) [a shining eye]
  3444 | D        | Killed a shining eye
  3446 | D        | Gained mutation: You occasionally lose the ability to drink
                  | potions when taking damage. [a shining eye]
  3447 | D        | Killed a shining eye
  3448 | D        | Reached skill level 22 in Maces & Flails
  3448 | D        | Gained mutation: You are dopey. (Int -2) [hidden defects]
  3450 | D        | Killed a shining eye
  3452 | D        | Killed a shining eye
  3457 | D        | Received a gift from Trog
  3461 | D        | Noticed a shining eye
  3461 | D        | Noticed a shining eye
  3466 | D        | Gained mutation: You have terrible hidden genetic defects.
                  | [a shining eye]
  3470 | D        | Killed a shining eye
  3472 | D        | Killed a shining eye
  3473 | D        | Reached XP level 12. HP: 125/125 MP: 12/12
  3481 | D        | Gained mutation: You do not regenerate when monsters are
                  | visible. [hidden defects]
  3481 | D        | Lost mutation: You have terrible hidden genetic defects.
                  | [hidden defects expressed]
  3487 | D        | Found Yjeistrim's Magic Scroll Shop.
  3487 | D        | Found Noimeng's Assorted Antiques.
  3487 | D        | Found Xeicyn's Weapon Boutique.
  3487 | D        | Found Odwem's General Store.
  3491 | D        | Bought a scroll of enchant weapon for 82 gold pieces
  3502 | D        | Bought a scroll of identify for 64 gold pieces
  3502 | D        | Bought a scroll labelled CASMOHY ACYLO for 32 gold pieces
  3502 | D        | Bought a scroll of identify for 64 gold pieces
  3502 | D        | Bought 2 murky dark potions for 57 gold pieces
  3502 | D        | Bought a runed scarf for 256 gold pieces
  3502 | D        | Bought a faintly humming robe for 182 gold pieces
  3502 | D        | Identified the +2 robe of Henotheism {Harm rF- rC+ rCorr}
                  | (You bought it in a shop in the Dungeon)
  3565 | D        | Received a gift from Trog
  3577 | D        | Reached skill level 15 in Dodging
  3633 | D        | Identified the +3 tower shield of Birdsong {rC+ rN+ SInv}
  3633 | D        | Noticed a daeva
  3671 | D        | Noticed a 12-headed hydra
  3674 | D        | HP: 15/187 [12-headed hydra (5)]
  3674 | D        | Slain by a 12-headed hydra

Table legend: (Time is in decaauts)
 A = Elapsed time spent in this place.
 B = Non-inter-level travel time spent in this place.
 C = Inter-level travel time spent in this place.
 D = Time resting spent in this place.
 E = Time spent auto-exploring this place.
 F = Levels seen in this place.
 G = Mean time per level.
                   A        B        C        D        E       F      G
               +--------+--------+--------+--------+--------+-----+--------+
         Total |   3725 |   3584 |    141 |   2714 |      1 |   1 | 3725.0 |
       Dungeon |   3725 |   3584 |    141 |   2714 |      1 |   1 | 3725.0 |
               +--------+--------+--------+--------+--------+-----+--------+

Top non-repeatable levels by time:
       D: 3725 daAuts

Table legend:
 A = Kills in this place as a percentage of kills in the entire game.
 B = Kills by you in this place as a percentage of kills by you in the entire game.
 C = Kills by friends in this place as a percentage of kills by friends in the entire game.
 D = Other kills in this place as a percentage of other kills in the entire game.
 E = Experience gained in this place as a percentage of experience gained in the entire game.
 F = Experience gained in this place divided by the number of levels of this place that you have seen.
                   A       B       C       D       E      F
               +-------+-------+-------+-------+-------+----------------------
         Total | 100.0 | 100.0 | 100.0 |   N/A | 100.0 | 21350.0
       Dungeon | 100.0 | 100.0 | 100.0 |   N/A | 100.0 | 21350.0
               +-------+-------+-------+-------+-------+----------------------

Action                     |  1- 3 |  4- 6 |  7- 9 | 10-12 || total
---------------------------+-------+-------+-------+-------++-------
  Melee: Mace              |    11 |       |       |       ||    11
         Giant club        |       |     8 |    44 |    33 ||    85
         Giant spiked club |       |       |       |   112 ||   112
 Invoke: Berserk           |     2 |     1 |     5 |     6 ||    14
         Trog's Hand       |       |       |     1 |     5 ||     6
         Brothers in Arms  |       |       |       |     5 ||     5
    Use: Scroll            |       |       |     4 |    10 ||    14
         Potion            |       |       |       |     3 ||     3
 Armour: Animal skin       |     3 |     2 |       |       ||     5
         Robe              |       |     1 |    30 |   117 ||   148
  Dodge: Dodged            |     3 |     4 |    19 |    80 ||   106

Vanquished Creatures
  A lorocyproca (D)
  2 centaur warriors (D)
  3 demonic crawlers (D)
  Sonja (D)
  A deep troll (D)
  A lindwurm (D)
  8 shining eyes (D)
  An oklob plant (D)
  A gargoyle (D)
  2 unseen horrors (D)
  2 kobold demonologists (D)
  A hornet (D)
  6 glass eyes (D)
  A slime creature (D)
  Sigmund (D)
  A yak (D)
  13 hogs (D)
  2 redbacks (D)
  An ogre (D)
  7 necrophages (D)
  8 jellies (D)
  Ijyb (D)
65 creatures vanquished.

Vanquished Creatures (collateral kills)
  A demonic crawler (D)
1 creature vanquished.

Vanquished Creatures (others)
  2 ballistomycete spores (D)
2 creatures vanquished.

Grand Total: 68 creatures vanquished
